[ AOE2 MATCH · #468211133 ]
UnrankedMongols vs Romans
[ REPLAY ANALYSIS · EXTRACTED FROM THE RECORDED GAME ]
Feudal
10:18
Castle
21:35
Imperial
47:42
| APM avg | 35.7 |
| APM peak | 84 |
| eAPM avg | 14.0 |
| Villagers / military | 111 / 253 |
Focus
⚔️ 28.3% · 🌾 71.7%
Scout Cavalry ×120 · Mangudai ×105 · Mangonel ×17 · Cavalry Archer ×5 · Trebuchet (Packed) ×5 · Trade Cart ×4
Feudal
13:00
Castle
17:20
Imperial
37:52
| APM avg | 22.7 |
| APM peak | 57 |
| eAPM avg | 10.4 |
| Villagers / military | 101 / 281 |
Focus
⚔️ 35.6% · 🌾 64.4%
Scout Cavalry ×189 · Camel Scout ×57 · Hand Cannoneer ×20 · Mangonel ×14 · Trade Cart ×10 · Monk ×1
Feudal
12:51
Castle
21:45
Imperial
32:13
| APM avg | 26.3 |
| APM peak | 116 |
| eAPM avg | 20.6 |
| Villagers / military | 129 / 264 |
Focus
⚔️ 20.2% · 🌾 79.8%
Spearman ×125 · Scout Cavalry ×73 · Scorpion ×62 · Trade Cart ×3 · Monk ×2 · Trebuchet (Packed) ×2
Feudal
18:05
Castle
22:09
Imperial
40:40
| APM avg | 28.6 |
| APM peak | 77 |
| eAPM avg | 11.6 |
| Villagers / military | 89 / 212 |
Focus
⚔️ 27.0% · 🌾 73.0%
Knight ×128 · Scout Cavalry ×79 · Trade Cart ×23 · Militia ×5
Feudal
15:05
Castle
18:52
Imperial
—
| APM avg | 11.9 |
| APM peak | 29 |
| eAPM avg | 8.3 |
| Villagers / military | 92 / 100 |
Focus
⚔️ 26.9% · 🌾 73.1%
Spearman ×71 · Huskarl ×20 · Militia ×8 · Battering Ram ×1
Feudal
12:08
Castle
22:23
Imperial
42:45
| APM avg | 21.5 |
| APM peak | 87 |
| eAPM avg | 12.1 |
| Villagers / military | 177 / 110 |
Focus
⚔️ 17.9% · 🌾 82.1%
Steppe Lancer ×106 · Trade Cart ×8 · Battering Ram ×2 · Trebuchet (Packed) ×2
Feudal
13:47
Castle
19:32
Imperial
46:40
| APM avg | 17.8 |
| APM peak | 57 |
| eAPM avg | 14.3 |
| Villagers / military | 165 / 446 |
Focus
⚔️ 39.4% · 🌾 60.6%
Spearman ×216 · Militia ×201 · Trade Cart ×24 · Centurion ×15 · Knight ×10 · Trebuchet (Packed) ×2
Feudal
12:34
Castle
17:44
Imperial
28:24
| APM avg | 38.9 |
| APM peak | 104 |
| eAPM avg | 25.7 |
| Villagers / military | 154 / 88 |
Focus
⚔️ 16.8% · 🌾 83.2%
Scorpion ×80 · Spearman ×5 · Trebuchet (Packed) ×3
Match map
Initial resources + every placement click. Lines = walls · curves = elevation contours. ◆ gold · ⬟ stone · ● berries · ✦ relic · ◌ wall gap
Your base· Open — unwalled flank
Eye of Horus's base· Open — unwalled flank
meng2043131's base· Open — unwalled flank
Odysseus's base· Open — unwalled flank
白桵's base· Open — unwalled flank
鲨鱼辣椒's base· Open — unwalled flank
LH44JAX's base· ✓ Closed at 19:32 · 143t walls · 1 gate(s)
白内障看不清,充能步枪滋眼睛's base· Open — unwalled flank
Smoothed initial terrain · ◌ = detected wall gap · hover for details
Inputs per minute
— Sieh - - Eye of Horus
Build order — Sieh
First 150 of 344 actions detected
| 0:06 | Create | Villager (Male) |
| 0:06 | Create | Villager (Male) |
| 0:06 | Create | Villager (Male) |
| 0:08 | Build | House |
| 0:12 | Build | House |
| 0:46 | Create | Villager (Male) |
| 0:46 | Create | Villager (Male) |
| 1:27 | Create | Villager (Male) |
| 2:11 | Create | Villager (Male) |
| 2:11 | Create | Villager (Male) |
| 2:45 | Build | Lumber Camp |
| 3:03 | Create | Villager (Male) |
| 3:04 | Create | Villager (Male) |
| 3:46 | Create | Villager (Male) |
| 3:46 | Create | Villager (Male) |
| 4:14 | Create | Villager (Male) |
| 4:39 | Create | Villager (Male) |
| 4:39 | Create | Villager (Male) |
| 4:41 | Build | House |
| 5:01 | Create | Villager (Male) |
| 5:01 | Create | Villager (Male) |
| 5:41 | Build | Mill |
| 6:19 | Create | Villager (Male) |
| 6:19 | Create | Villager (Male) |
| 6:43 | Create | Villager (Male) |
| 7:16 | Build | House |
| 7:43 | Create | Villager (Male) |
| 7:43 | Create | Villager (Male) |
| 7:43 | Create | Villager (Male) |
| 7:57 | Research | Feudal Age |
| 7:58 | Research | Feudal Age |
| 8:02 | Build | Mining Camp |
| 9:32 | Build | Barracks |
| 10:18 | Age | Feudal Age |
| 10:19 | Create | Villager (Male) |
| 10:46 | Create | Villager (Male) |
| 11:14 | Build | Stable |
| 11:19 | Create | Villager (Male) |
| 11:19 | Create | Villager (Male) |
| 11:25 | Research | Loom |
| 11:25 | Research | Loom |
| 11:26 | Create | Villager (Male) |
| 11:26 | Create | Villager (Male) |
| 11:37 | Research | Double-Bit Axe |
| 11:37 | Research | Double-Bit Axe |
| 12:12 | Build | House |
| 12:12 | Create | Scout Cavalry |
| 12:12 | Create | Scout Cavalry |
| 12:13 | Create | Scout Cavalry |
| 12:13 | Create | Scout Cavalry |
| 12:13 | Create | Scout Cavalry |
| 12:22 | Build | House |
| 12:34 | Research | Wheelbarrow |
| 12:34 | Research | Wheelbarrow |
| 12:36 | Create | Villager (Male) |
| 14:07 | Create | Villager (Male) |
| 14:39 | Build | Blacksmith |
| 14:45 | Create | Villager (Male) |
| 14:54 | Build | Farm |
| 14:56 | Build | Farm |
| 16:47 | Create | Villager (Male) |
| 16:53 | Build | Farm |
| 16:54 | Build | Farm |
| 16:55 | Build | Farm |
| 16:56 | Build | Farm |
| 17:02 | Build | Farm |
| 17:39 | Build | Farm |
| 17:42 | Build | Farm |
| 17:45 | Build | Farm |
| 17:47 | Build | Farm |
| 17:49 | Build | Farm |
| 17:52 | Build | Farm |
| 18:11 | Create | Villager (Male) |
| 18:55 | Research | Castle Age |
| 18:55 | Research | Castle Age |
| 19:05 | Build | Mining Camp |
| 19:52 | Research | Stone Mining |
| 20:15 | Build | Archery Range |
| 20:19 | Build | Archery Range |
| 20:32 | Research | Fletching |
| 20:37 | Research | Scale Barding Armor |
| 20:40 | Research | Bloodlines |
| 20:49 | Research | Horse Collar |
| 21:35 | Age | Castle Age |
| 21:51 | Build | Town Center |
| 21:54 | Create | Villager (Male) |
| 22:17 | Create | Villager (Male) |
| 22:21 | Create | Cavalry Archer ×5 |
| 22:37 | Create | Villager (Male) |
| 22:42 | Research | Fletching |
| 22:50 | Create | Villager (Male) |
| 23:17 | Research | Hand Cart |
| 23:18 | Research | Hand Cart |
| 23:49 | Create | Villager (Male) |
| 23:50 | Create | Villager (Male) |
| 24:05 | Create | Villager (Male) |
| 24:27 | Create | Villager (Male) |
| 24:28 | Create | Villager (Male) |
| 24:35 | Build | House |
| 25:02 | Build | House |
| 25:04 | Build | House |
| 25:07 | Build | House |
| 25:15 | Research | Thumb Ring |
| 25:20 | Create | Villager (Male) |
| 25:25 | Build | House |
| 25:39 | Build | Farm |
| 25:40 | Build | Farm |
| 25:46 | Create | Villager (Male) |
| 25:51 | Create | Villager (Male) |
| 25:51 | Create | Villager (Male) |
| 27:14 | Create | Villager (Male) |
| 27:22 | Build | House |
| 27:23 | Create | Villager (Male) |
| 27:24 | Create | Villager (Male) |
| 27:25 | Create | Villager (Male) |
| 27:29 | Build | Farm |
| 28:01 | Build | Farm |
| 28:04 | Build | Farm |
| 28:36 | Create | Villager (Male) |
| 28:37 | Create | Villager (Male) |
| 28:42 | Build | Town Center |
| 28:45 | Create | Villager (Male) |
| 28:45 | Create | Villager (Male) |
| 28:53 | Build | Lumber Camp |
| 28:56 | Create | Villager (Male) |
| 30:05 | Create | Villager (Male) |
| 30:06 | Create | Villager (Male) |
| 30:11 | Research | Bow Saw |
| 30:13 | Create | Villager (Male) |
| 30:21 | Create | Villager (Male) |
| 30:31 | Build | Castle |
| 30:34 | Build | Palisade Wall |
| 30:37 | Build | Palisade Wall |
| 30:39 | Build | Palisade Wall |
| 30:40 | Build | Palisade Wall |
| 30:48 | Create | Villager (Male) |
| 30:49 | Create | Villager (Male) |
| 30:56 | Build | Farm |
| 31:22 | Build | Farm |
| 31:22 | Create | Villager (Male) |
| 31:23 | Create | Villager (Male) |
| 31:23 | Create | Villager (Male) |
| 31:29 | Build | Farm |
| 31:35 | Create | Villager (Male) |
| 31:35 | Create | Villager (Male) |
| 31:35 | Create | Villager (Male) |
| 31:39 | Create | Villager (Male) |
| 31:39 | Create | Villager (Male) |
| 31:41 | Create | Villager (Male) |
| 32:32 | Build | Farm |
Build order — Eye of Horus
First 150 of 341 actions detected
| 0:03 | Create | Villager (Male) |
| 0:03 | Create | Villager (Male) |
| 0:03 | Create | Villager (Male) |
| 0:04 | Create | Villager (Male) |
| 0:08 | Build | House |
| 0:10 | Build | House |
| 1:19 | Create | Villager (Male) |
| 1:19 | Create | Villager (Male) |
| 2:02 | Create | Villager (Male) |
| 2:03 | Create | Villager (Male) |
| 2:03 | Create | Villager (Male) |
| 2:51 | Create | Villager (Male) |
| 3:32 | Build | Lumber Camp |
| 3:43 | Create | Villager (Male) |
| 3:43 | Create | Villager (Male) |
| 4:21 | Create | Villager (Male) |
| 4:21 | Create | Villager (Male) |
| 4:37 | Build | House |
| 4:38 | Build | House |
| 5:30 | Create | Villager (Male) |
| 5:43 | Build | House |
| 5:54 | Build | Mill |
| 5:57 | Create | Villager (Male) |
| 5:57 | Create | Villager (Male) |
| 6:53 | Create | Villager (Male) |
| 6:53 | Create | Villager (Male) |
| 7:32 | Create | Villager (Male) |
| 7:33 | Create | Villager (Male) |
| 8:32 | Research | Loom |
| 8:38 | Create | Villager (Male) |
| 8:39 | Create | Villager (Male) |
| 9:35 | Create | Villager (Male) |
| 9:35 | Create | Villager (Male) |
| 10:14 | Build | Mining Camp |
| 10:19 | Research | Loom |
| 10:20 | Create | Villager (Male) |
| 10:24 | Create | Villager (Male) |
| 10:32 | Research | Feudal Age |
| 10:38 | Build | Farm |
| 10:47 | Build | Mill |
| 10:56 | Build | Farm |
| 12:00 | Build | Barracks |
| 12:48 | Build | Palisade Wall |
| 13:00 | Age | Feudal Age |
| 13:02 | Create | Villager (Male) |
| 13:03 | Create | Villager (Male) |
| 13:13 | Build | Market |
| 13:19 | Build | Blacksmith |
| 14:05 | Build | Palisade Wall |
| 14:15 | Build | House |
| 14:40 | Research | Castle Age |
| 14:46 | Build | House |
| 14:54 | Build | Palisade Wall |
| 15:17 | Build | Palisade Wall |
| 15:27 | Research | Double-Bit Axe |
| 15:34 | Build | Palisade Wall |
| 16:12 | Research | Horse Collar |
| 16:32 | Build | Farm |
| 16:35 | Build | Farm |
| 16:40 | Build | Farm |
| 16:44 | Build | Farm |
| 16:54 | Build | Farm |
| 17:14 | Build | Palisade Wall |
| 17:20 | Age | Castle Age |
| 17:52 | Build | Palisade Wall |
| 17:53 | Create | Villager (Male) |
| 17:54 | Create | Villager (Male) |
| 18:18 | Build | Town Center |
| 18:37 | Build | Town Center |
| 18:43 | Create | Villager (Male) |
| 18:55 | Create | Villager (Male) |
| 19:38 | Build | Farm |
| 19:39 | Build | Farm |
| 19:42 | Build | Farm |
| 19:45 | Research | Heavy Plow |
| 19:46 | Create | Villager (Male) |
| 19:47 | Create | Villager (Male) |
| 19:47 | Create | Villager (Male) |
| 20:00 | Create | Villager (Male) |
| 20:11 | Build | Palisade Wall |
| 20:18 | Build | Farm |
| 20:20 | Create | Villager (Male) |
| 20:21 | Create | Villager (Male) |
| 20:21 | Create | Villager (Male) |
| 20:30 | Research | Gold Mining |
| 20:55 | Build | Palisade Wall |
| 21:02 | Build | Barracks |
| 21:03 | Create | Villager (Male) |
| 21:04 | Create | Villager (Male) |
| 21:04 | Create | Villager (Male) |
| 21:04 | Create | Villager (Male) |
| 21:04 | Create | Villager (Male) |
| 21:04 | Create | Villager (Male) |
| 21:14 | Build | Farm |
| 21:21 | Build | Farm |
| 21:22 | Build | Farm |
| 21:37 | Build | Farm |
| 21:40 | Create | Villager (Male) |
| 21:42 | Create | Villager (Male) |
| 21:42 | Create | Villager (Male) |
| 21:46 | Build | Farm |
| 22:05 | Build | Lumber Camp |
| 22:13 | Create | Villager (Male) |
| 22:13 | Create | Villager (Male) |
| 22:14 | Create | Villager (Male) |
| 22:14 | Create | Villager (Male) |
| 22:14 | Create | Villager (Male) |
| 22:34 | Build | Farm |
| 22:40 | Create | Villager (Male) |
| 22:45 | Build | House |
| 22:46 | Build | House |
| 22:50 | Research | Wheelbarrow |
| 22:54 | Research | Town Watch |
| 22:58 | Build | Farm |
| 23:03 | Build | Farm |
| 23:11 | Create | Villager (Male) |
| 23:11 | Create | Villager (Male) |
| 23:12 | Create | Villager (Male) |
| 23:12 | Create | Villager (Male) |
| 24:18 | Create | Villager (Male) |
| 24:19 | Create | Villager (Male) |
| 24:19 | Create | Villager (Male) |
| 24:19 | Create | Villager (Male) |
| 24:19 | Create | Villager (Male) |
| 24:24 | Build | Farm |
| 24:27 | Build | House |
| 24:30 | Build | Farm |
| 24:39 | Build | Stable |
| 24:42 | Build | Stable |
| 24:50 | Build | Monastery |
| 24:56 | Build | Farm |
| 24:58 | Create | Villager (Male) |
| 24:58 | Create | Villager (Male) |
| 24:58 | Create | Villager (Male) |
| 24:58 | Create | Villager (Male) |
| 24:59 | Create | Villager (Male) |
| 25:07 | Build | Farm |
| 25:11 | Build | Farm |
| 25:20 | Create | Villager (Male) |
| 25:21 | Create | Villager (Male) |
| 25:21 | Create | Villager (Male) |
| 25:21 | Create | Villager (Male) |
| 25:21 | Create | Villager (Male) |
| 25:27 | Build | Farm |
| 25:31 | Build | Farm |
| 25:46 | Create | Monk |
| 25:57 | Build | House |
| 25:58 | Build | House |
| 26:08 | Build | Farm |
| 26:11 | Build | House |
Build order — meng2043131
First 150 of 326 actions detected
| 0:16 | Build | House |
| 0:18 | Build | House |
| 0:27 | Create | Villager (Male) |
| 0:27 | Create | Villager (Male) |
| 0:52 | Build | House |
| 0:53 | Build | House |
| 1:07 | Create | Villager (Male) |
| 2:02 | Create | Villager (Male) |
| 2:03 | Create | Villager (Male) |
| 2:31 | Build | Lumber Camp |
| 2:55 | Create | Villager (Male) |
| 3:22 | Create | Villager (Male) |
| 3:23 | Create | Villager (Male) |
| 4:34 | Create | Villager (Male) |
| 4:34 | Create | Villager (Male) |
| 5:27 | Create | Villager (Male) |
| 5:59 | Build | Mill |
| 6:24 | Create | Villager (Male) |
| 6:25 | Create | Villager (Male) |
| 7:18 | Create | Villager (Male) |
| 7:19 | Create | Villager (Male) |
| 7:50 | Create | Villager (Male) |
| 8:27 | Create | Villager (Male) |
| 8:28 | Create | Villager (Male) |
| 8:49 | Create | Villager (Male) |
| 9:17 | Create | Villager (Male) |
| 10:41 | Research | Feudal Age |
| 10:55 | Build | Mining Camp |
| 11:10 | Build | Mill |
| 12:10 | Build | House |
| 12:12 | Build | House |
| 12:13 | Build | House |
| 12:15 | Build | House |
| 12:33 | Create | Villager (Male) |
| 12:34 | Create | Villager (Male) |
| 12:34 | Create | Villager (Male) |
| 12:51 | Age | Feudal Age |
| 12:56 | Research | Horse Collar |
| 12:59 | Research | Double-Bit Axe |
| 13:37 | Create | Villager (Male) |
| 13:37 | Create | Villager (Male) |
| 14:21 | Create | Villager (Male) |
| 14:29 | Build | House |
| 14:30 | Build | House |
| 14:37 | Create | Villager (Male) |
| 14:37 | Create | Villager (Male) |
| 14:59 | Build | Blacksmith |
| 15:08 | Create | Villager (Male) |
| 15:08 | Create | Villager (Male) |
| 15:15 | Build | Farm |
| 15:15 | Build | Farm |
| 15:15 | Build | Farm |
| 15:15 | Build | Farm |
| 15:16 | Build | Farm |
| 15:16 | Build | Farm |
| 15:16 | Build | Farm |
| 15:16 | Build | Farm |
| 15:36 | Create | Villager (Male) |
| 16:29 | Build | House |
| 16:56 | Create | Villager (Male) |
| 16:57 | Create | Villager (Male) |
| 17:09 | Build | Farm |
| 17:30 | Build | Market |
| 17:40 | Create | Villager (Male) |
| 17:55 | Build | Farm |
| 17:59 | Build | Farm |
| 18:02 | Build | Farm |
| 18:04 | Build | Farm |
| 18:10 | Build | Farm |
| 18:13 | Build | Farm |
| 18:17 | Build | Farm |
| 18:29 | Build | Farm |
| 18:59 | Create | Villager (Male) |
| 19:05 | Research | Castle Age |
| 20:08 | Build | Lumber Camp |
| 20:24 | Build | Mining Camp |
| 21:45 | Age | Castle Age |
| 22:02 | Build | Town Center |
| 22:06 | Create | Villager (Male) |
| 22:06 | Create | Villager (Male) |
| 22:06 | Create | Villager (Male) |
| 22:07 | Create | Villager (Male) |
| 22:08 | Create | Villager (Male) |
| 22:24 | Research | Heavy Plow |
| 22:27 | Research | Bow Saw |
| 22:31 | Create | Villager (Male) |
| 23:01 | Build | Town Center |
| 23:06 | Create | Villager (Male) |
| 23:06 | Create | Villager (Male) |
| 23:07 | Create | Villager (Male) |
| 23:07 | Create | Villager (Male) |
| 23:07 | Create | Villager (Male) |
| 23:07 | Create | Villager (Male) |
| 23:21 | Research | Stone Mining |
| 23:51 | Create | Villager (Male) |
| 23:51 | Create | Villager (Male) |
| 23:51 | Create | Villager (Male) |
| 23:51 | Create | Villager (Male) |
| 23:52 | Create | Villager (Male) |
| 24:31 | Build | Farm |
| 25:19 | Build | Farm |
| 25:24 | Build | Farm |
| 25:28 | Build | Farm |
| 25:32 | Create | Villager (Male) |
| 25:32 | Create | Villager (Male) |
| 25:33 | Create | Villager (Male) |
| 25:34 | Create | Villager (Male) |
| 25:57 | Build | University |
| 26:23 | Create | Villager (Male) |
| 26:24 | Create | Villager (Male) |
| 26:24 | Create | Villager (Male) |
| 26:52 | Create | Villager (Male) |
| 26:52 | Create | Villager (Male) |
| 26:53 | Create | Villager (Male) |
| 27:06 | Build | Siege Workshop |
| 27:19 | Build | Farm |
| 27:22 | Build | Farm |
| 27:26 | Build | Farm |
| 27:29 | Create | Villager (Male) |
| 27:29 | Create | Villager (Male) |
| 27:30 | Create | Villager (Male) |
| 27:30 | Create | Villager (Male) |
| 27:32 | Build | Farm |
| 27:35 | Build | Farm |
| 27:38 | Build | Farm |
| 27:42 | Build | Farm |
| 27:55 | Create | Villager (Male) |
| 27:56 | Create | Villager (Male) |
| 27:56 | Create | Villager (Male) |
| 27:59 | Build | Farm |
| 28:04 | Build | Farm |
| 28:16 | Build | House |
| 28:17 | Build | House |
| 28:21 | Build | House |
| 28:24 | Build | House |
| 28:26 | Build | House |
| 28:39 | Build | Farm |
| 29:03 | Research | Imperial Age |
| 29:04 | Create | Villager (Male) |
| 29:05 | Create | Villager (Male) |
| 29:05 | Create | Villager (Male) |
| 29:32 | Build | Farm |
| 29:36 | Create | Villager (Male) |
| 29:36 | Create | Villager (Male) |
| 29:37 | Create | Villager (Male) |
| 30:13 | Build | Barracks |
| 30:14 | Build | Barracks |
| 30:15 | Build | Barracks |
| 30:58 | Create | Villager (Male) |
| 30:59 | Create | Villager (Male) |
Build order — Odysseus
First 150 of 234 actions detected
| 0:06 | Create | Villager (Male) ×4 |
| 1:50 | Create | Villager (Male) |
| 2:33 | Create | Villager (Male) |
| 2:55 | Create | Villager (Male) |
| 2:56 | Create | Villager (Male) |
| 4:13 | Build | Lumber Camp |
| 4:28 | Create | Villager (Male) |
| 4:29 | Create | Villager (Male) |
| 5:19 | Create | Villager (Male) |
| 5:20 | Create | Villager (Male) |
| 5:20 | Create | Villager (Male) |
| 6:51 | Create | Villager (Male) |
| 7:22 | Research | Loom |
| 7:30 | Build | Barracks |
| 7:52 | Create | Villager (Male) |
| 7:55 | Create | Villager (Male) |
| 8:34 | Build | Mining Camp |
| 8:46 | Create | Villager (Male) |
| 8:46 | Create | Villager (Male) |
| 9:31 | Build | Mill |
| 9:40 | Create | Villager (Male) |
| 9:40 | Create | Villager (Male) |
| 9:45 | Create | Villager (Male) |
| 9:45 | Create | Villager (Male) |
| 10:18 | Build | Farm |
| 10:19 | Build | Farm |
| 10:21 | Build | Farm |
| 10:22 | Build | Farm |
| 10:34 | Build | Lumber Camp |
| 10:40 | Build | Farm |
| 10:56 | Create | Militia ×5 |
| 11:23 | Create | Villager (Male) |
| 11:25 | Create | Villager (Male) |
| 11:52 | Build | Farm |
| 12:17 | Build | Farm |
| 12:19 | Create | Villager (Male) |
| 12:19 | Create | Villager (Male) |
| 12:33 | Create | Villager (Male) |
| 12:49 | Build | Farm |
| 13:03 | Build | Farm |
| 13:09 | Build | Farm |
| 13:15 | Build | Farm |
| 13:19 | Create | Villager (Male) |
| 13:19 | Create | Villager (Male) |
| 13:36 | Build | Farm |
| 13:48 | Build | Farm |
| 13:52 | Build | Farm |
| 14:12 | Create | Villager (Male) |
| 14:18 | Build | Farm |
| 14:25 | Create | Villager (Male) |
| 14:37 | Build | Farm |
| 14:39 | Build | Farm |
| 15:55 | Research | Feudal Age |
| 17:48 | Create | Villager (Male) |
| 17:49 | Create | Villager (Male) |
| 17:50 | Create | Villager (Male) |
| 18:05 | Age | Feudal Age |
| 18:09 | Build | Blacksmith |
| 18:16 | Build | Stable |
| 18:17 | Build | Stable |
| 18:38 | Build | Farm |
| 19:15 | Build | Farm |
| 19:29 | Research | Castle Age |
| 19:37 | Build | Farm |
| 19:43 | Research | Scale Barding Armor |
| 19:43 | Research | Forging |
| 20:08 | Research | Bloodlines |
| 20:29 | Build | Stable |
| 20:36 | Research | Gold Mining |
| 20:39 | Research | Horse Collar |
| 20:43 | Research | Double-Bit Axe |
| 21:19 | Research | Wheelbarrow |
| 21:54 | Create | Villager (Male) |
| 21:55 | Create | Villager (Male) |
| 22:09 | Age | Castle Age |
| 22:10 | Create | Knight ×4 |
| 22:32 | Build | Farm |
| 22:36 | Build | Farm |
| 22:45 | Create | Knight ×3 |
| 23:31 | Create | Knight ×4 |
| 23:56 | Create | Villager (Male) |
| 23:56 | Create | Villager (Male) |
| 24:05 | Create | Knight |
| 24:50 | Build | Town Center |
| 25:14 | Research | Husbandry |
| 26:07 | Create | Villager (Male) |
| 26:08 | Create | Villager (Male) |
| 26:09 | Create | Villager (Male) |
| 26:10 | Create | Villager (Male) |
| 27:12 | Create | Villager (Male) |
| 27:13 | Create | Villager (Male) |
| 27:13 | Create | Villager (Male) |
| 27:13 | Create | Villager (Male) |
| 27:21 | Research | Chain Barding Armor |
| 27:48 | Build | Lumber Camp |
| 27:52 | Create | Villager (Male) |
| 27:52 | Create | Villager (Male) |
| 27:53 | Create | Villager (Male) |
| 27:54 | Create | Villager (Male) |
| 27:57 | Create | Villager (Male) |
| 27:57 | Create | Villager (Male) |
| 28:03 | Build | Mining Camp |
| 29:06 | Research | Hand Cart |
| 29:10 | Research | Iron Casting |
| 29:14 | Create | Knight |
| 29:14 | Create | Knight |
| 31:04 | Create | Villager (Male) ×5 |
| 31:06 | Create | Villager (Male) |
| 31:10 | Create | Villager (Male) ×5 |
| 31:24 | Create | Knight ×5 |
| 31:24 | Create | Knight ×2 |
| 31:34 | Build | Mining Camp |
| 31:52 | Build | Lumber Camp |
| 32:04 | Build | Town Center |
| 32:14 | Research | Town Watch |
| 33:18 | Create | Knight ×5 |
| 33:18 | Create | Knight ×3 |
| 33:21 | Create | Knight |
| 33:31 | Create | Villager (Male) |
| 33:32 | Create | Villager (Male) |
| 33:33 | Create | Villager (Male) |
| 33:33 | Create | Villager (Male) |
| 33:34 | Create | Villager (Male) |
| 33:35 | Create | Villager (Male) |
| 33:39 | Create | Villager (Male) |
| 33:40 | Create | Villager (Male) |
| 33:41 | Create | Villager (Male) |
| 33:41 | Create | Villager (Male) |
| 33:47 | Build | Farm |
| 33:49 | Build | Farm |
| 33:50 | Build | Farm |
| 33:54 | Build | Farm |
| 33:55 | Build | Farm |
| 33:57 | Build | Farm |
| 33:58 | Build | Farm |
| 34:00 | Build | Farm |
| 34:11 | Create | Villager (Male) |
| 34:11 | Create | Villager (Male) |
| 34:12 | Create | Villager (Male) |
| 34:14 | Create | Villager (Male) |
| 34:14 | Create | Villager (Male) |
| 34:16 | Create | Villager (Male) |
| 34:16 | Create | Villager (Male) |
| 34:17 | Create | Villager (Male) |
| 34:17 | Create | Villager (Male) |
| 35:37 | Research | Fletching |
| 35:37 | Research | Padded Archer Armor |
| 36:04 | Build | University |
| 36:09 | Build | Siege Workshop |
| 36:11 | Build | Siege Workshop |
Build order — 白桵
First 150 of 202 actions detected
| 0:08 | Build | House |
| 0:10 | Build | House |
| 0:12 | Build | House |
| 0:15 | Research | Loom |
| 0:16 | Create | Villager (Male) |
| 0:16 | Create | Villager (Male) |
| 0:16 | Create | Villager (Male) |
| 0:16 | Create | Villager (Male) |
| 0:17 | Create | Villager (Male) |
| 1:53 | Create | Villager (Male) |
| 2:21 | Create | Villager (Male) |
| 2:58 | Build | Lumber Camp |
| 3:01 | Create | Villager (Male) |
| 3:20 | Create | Villager (Male) |
| 3:51 | Create | Villager (Male) |
| 3:51 | Create | Villager (Male) |
| 4:38 | Create | Villager (Male) |
| 4:39 | Create | Villager (Male) |
| 4:39 | Create | Villager (Male) |
| 5:23 | Create | Villager (Male) |
| 5:23 | Create | Villager (Male) |
| 6:09 | Create | Villager (Male) |
| 6:09 | Create | Villager (Male) |
| 6:21 | Build | House |
| 6:22 | Build | House |
| 6:24 | Build | House |
| 7:23 | Build | Mill |
| 7:24 | Create | Villager (Male) |
| 7:25 | Create | Villager (Male) |
| 7:25 | Create | Villager (Male) |
| 8:38 | Create | Villager (Male) |
| 8:43 | Create | Villager (Male) |
| 9:26 | Create | Villager (Male) |
| 10:02 | Create | Villager (Male) |
| 10:02 | Create | Villager (Male) |
| 10:59 | Build | Mill |
| 11:05 | Create | Villager (Male) |
| 11:06 | Create | Villager (Male) |
| 11:06 | Create | Villager (Male) |
| 12:17 | Create | Villager (Male) |
| 12:55 | Research | Feudal Age |
| 12:56 | Create | Villager (Male) |
| 12:56 | Create | Villager (Male) |
| 13:08 | Build | Mining Camp |
| 14:59 | Build | Farm |
| 15:02 | Build | Farm |
| 15:05 | Age | Feudal Age |
| 15:14 | Build | Market |
| 15:25 | Build | Blacksmith |
| 16:12 | Research | Castle Age |
| 17:58 | Create | Villager (Male) |
| 17:58 | Create | Villager (Male) |
| 18:52 | Age | Castle Age |
| 19:33 | Build | Barracks |
| 19:37 | Create | Villager (Male) |
| 20:19 | Create | Villager (Male) |
| 21:16 | Research | Man-at-Arms (upgrade) |
| 21:42 | Create | Villager (Male) |
| 21:47 | Create | Militia |
| 22:25 | Create | Villager (Male) |
| 22:34 | Create | Villager (Male) |
| 22:35 | Create | Villager (Male) |
| 22:55 | Create | Villager (Male) |
| 22:55 | Create | Villager (Male) |
| 23:42 | Build | Siege Workshop |
| 23:56 | Build | Farm |
| 24:10 | Build | Farm |
| 24:14 | Create | Militia |
| 24:17 | Create | Villager (Male) |
| 24:48 | Build | Farm |
| 25:02 | Create | Militia |
| 25:08 | Create | Militia |
| 25:53 | Create | Militia |
| 25:53 | Create | Militia |
| 25:56 | Create | Battering Ram |
| 26:08 | Build | Farm |
| 26:30 | Create | Spearman |
| 27:07 | Create | Spearman |
| 27:08 | Create | Spearman |
| 29:33 | Build | Town Center |
| 30:39 | Create | Villager (Male) |
| 30:39 | Create | Villager (Male) |
| 30:40 | Create | Villager (Male) |
| 30:40 | Create | Villager (Male) |
| 30:40 | Create | Villager (Male) |
| 30:52 | Build | Town Center |
| 31:33 | Create | Villager (Male) |
| 31:34 | Create | Villager (Male) |
| 32:01 | Create | Villager (Male) |
| 32:01 | Create | Villager (Male) |
| 32:02 | Create | Villager (Male) |
| 34:07 | Build | Barracks |
| 35:07 | Create | Spearman |
| 36:48 | Build | Castle |
| 37:08 | Build | Farm |
| 37:10 | Build | Farm |
| 37:13 | Create | Villager (Male) ×5 |
| 37:13 | Create | Villager (Male) ×5 |
| 38:00 | Create | Villager (Male) ×5 |
| 38:00 | Create | Villager (Male) ×5 |
| 38:15 | Research | Pikeman (upgrade) |
| 38:45 | Build | Town Center |
| 39:16 | Research | Forging |
| 39:29 | Research | Squires |
| 39:49 | Build | Farm |
| 39:51 | Build | Farm |
| 40:02 | Create | Villager (Male) |
| 40:02 | Create | Villager (Male) |
| 40:29 | Build | Farm |
| 40:35 | Create | Villager (Male) |
| 40:50 | Build | Farm |
| 40:53 | Build | Farm |
| 40:54 | Build | Farm |
| 41:11 | Create | Villager (Male) |
| 41:11 | Create | Villager (Male) |
| 41:21 | Create | Spearman ×2 |
| 41:57 | Create | Spearman ×2 |
| 41:57 | Create | Spearman ×2 |
| 42:04 | Build | Farm |
| 42:04 | Build | Farm |
| 42:05 | Build | Farm |
| 42:05 | Build | Farm |
| 42:06 | Build | Farm |
| 42:12 | Build | Farm |
| 42:13 | Build | Farm |
| 42:56 | Create | Villager (Male) |
| 42:56 | Create | Villager (Male) |
| 43:03 | Build | Farm |
| 43:05 | Build | Farm |
| 43:06 | Build | Farm |
| 43:09 | Build | Farm |
| 43:28 | Build | Mill |
| 43:30 | Build | Farm |
| 43:30 | Build | Farm |
| 43:30 | Build | Farm |
| 43:31 | Build | Farm |
| 43:31 | Build | Farm |
| 43:31 | Build | Farm |
| 43:56 | Create | Spearman |
| 43:56 | Create | Spearman |
| 43:56 | Create | Spearman |
| 44:53 | Create | Spearman |
| 44:53 | Create | Spearman |
| 47:00 | Create | Villager (Male) |
| 47:00 | Create | Villager (Male) |
| 47:01 | Create | Villager (Male) |
| 47:01 | Create | Villager (Male) |
| 47:01 | Create | Villager (Male) |
| 47:01 | Create | Villager (Male) |
| 47:02 | Create | Villager (Male) |
Build order — 鲨鱼辣椒
First 150 of 430 actions detected
| 0:03 | Create | Villager (Male) |
| 0:05 | Build | House |
| 0:07 | Build | House |
| 0:51 | Create | Villager (Male) |
| 0:52 | Create | Villager (Male) |
| 0:52 | Create | Villager (Male) |
| 1:33 | Create | Villager (Male) |
| 2:14 | Create | Villager (Male) |
| 2:50 | Create | Villager (Male) |
| 2:57 | Create | Villager (Male) |
| 3:50 | Create | Villager (Male) |
| 3:59 | Build | Mill |
| 4:16 | Create | Villager (Male) |
| 4:38 | Build | House |
| 4:41 | Build | House |
| 4:46 | Create | Villager (Male) |
| 5:22 | Create | Villager (Male) |
| 5:22 | Create | Villager (Male) |
| 5:22 | Create | Villager (Male) |
| 6:13 | Create | Villager (Male) |
| 6:13 | Create | Villager (Male) |
| 6:13 | Create | Villager (Male) |
| 6:21 | Build | Lumber Camp |
| 6:34 | Create | Villager (Male) |
| 7:27 | Create | Villager (Male) |
| 7:48 | Create | Villager (Male) |
| 7:55 | Create | Villager (Male) |
| 7:56 | Create | Villager (Male) |
| 7:56 | Create | Villager (Male) |
| 8:58 | Build | Farm |
| 9:06 | Build | Farm |
| 9:14 | Build | Mill |
| 9:34 | Research | Feudal Age |
| 9:42 | Build | House |
| 11:43 | Build | Farm |
| 11:59 | Create | Villager (Male) |
| 12:08 | Age | Feudal Age |
| 12:11 | Create | Villager (Male) |
| 12:35 | Build | Town Center |
| 12:50 | Create | Villager (Male) |
| 13:01 | Build | House |
| 13:08 | Create | Villager (Male) |
| 13:33 | Create | Villager (Male) |
| 13:38 | Build | Blacksmith |
| 14:00 | Create | Villager (Male) |
| 14:01 | Create | Villager (Male) |
| 14:05 | Create | Villager (Male) |
| 14:05 | Create | Villager (Male) |
| 14:08 | Create | Villager (Male) |
| 14:25 | Build | House |
| 14:39 | Build | Barracks |
| 14:47 | Build | Farm |
| 14:52 | Create | Villager (Male) |
| 14:53 | Create | Villager (Male) |
| 15:07 | Build | Farm |
| 15:22 | Create | Villager (Male) |
| 15:24 | Create | Villager (Male) |
| 15:30 | Build | Farm |
| 15:48 | Create | Villager (Male) |
| 15:49 | Create | Villager (Male) |
| 15:57 | Build | Stable |
| 16:17 | Create | Villager (Male) |
| 16:26 | Build | Farm |
| 16:26 | Build | Farm |
| 16:26 | Build | Farm |
| 16:27 | Build | Farm |
| 16:27 | Build | Farm |
| 16:29 | Build | Farm |
| 16:31 | Build | Farm |
| 16:35 | Create | Villager (Male) |
| 16:38 | Build | House |
| 16:45 | Create | Villager (Male) |
| 16:46 | Create | Villager (Male) |
| 16:47 | Create | Villager (Male) |
| 16:55 | Build | House |
| 17:08 | Build | Farm |
| 17:12 | Build | Farm |
| 17:17 | Create | Villager (Male) |
| 17:17 | Create | Villager (Male) |
| 17:21 | Build | House |
| 17:32 | Create | Villager (Male) |
| 17:43 | Build | Farm |
| 17:49 | Build | Farm |
| 17:59 | Create | Villager (Male) |
| 18:00 | Create | Villager (Male) |
| 18:07 | Build | Farm |
| 18:17 | Build | House |
| 18:52 | Create | Villager (Male) |
| 18:53 | Create | Villager (Male) |
| 19:17 | Build | Farm |
| 19:43 | Research | Castle Age |
| 19:43 | Research | Castle Age |
| 19:57 | Research | Loom |
| 20:12 | Build | Farm |
| 20:21 | Build | Farm |
| 20:21 | Build | Farm |
| 20:21 | Build | Farm |
| 20:22 | Build | Farm |
| 20:26 | Research | Horse Collar |
| 20:29 | Research | Double-Bit Axe |
| 20:44 | Research | Forging |
| 21:07 | Build | Farm |
| 21:10 | Build | Farm |
| 21:17 | Research | Wheelbarrow |
| 21:46 | Build | Siege Workshop |
| 21:58 | Build | Siege Workshop |
| 22:04 | Research | Scale Barding Armor |
| 22:08 | Research | Bloodlines |
| 22:12 | Research | Town Watch |
| 22:13 | Create | Villager (Male) |
| 22:23 | Age | Castle Age |
| 22:27 | Build | Lumber Camp |
| 22:31 | Create | Villager (Male) |
| 22:32 | Create | Villager (Male) |
| 22:32 | Create | Villager (Male) |
| 22:57 | Create | Steppe Lancer |
| 22:59 | Create | Steppe Lancer |
| 23:00 | Create | Steppe Lancer |
| 23:06 | Create | Battering Ram |
| 23:18 | Build | Stable |
| 23:24 | Research | Iron Casting |
| 23:30 | Create | Villager (Male) |
| 23:31 | Create | Villager (Male) |
| 24:11 | Research | Capped Ram (upgrade) |
| 24:15 | Build | Siege Workshop |
| 24:20 | Create | Villager (Male) |
| 24:33 | Build | Farm |
| 24:34 | Build | Farm |
| 24:35 | Build | Farm |
| 24:36 | Build | Farm |
| 24:39 | Create | Villager (Male) |
| 24:39 | Create | Villager (Male) |
| 24:39 | Create | Villager (Male) |
| 24:40 | Create | Villager (Male) |
| 24:58 | Create | Steppe Lancer |
| 25:04 | Build | House |
| 25:06 | Build | House |
| 25:07 | Build | House |
| 25:14 | Create | Steppe Lancer |
| 25:23 | Build | Farm |
| 25:39 | Create | Steppe Lancer |
| 25:40 | Create | Steppe Lancer |
| 25:44 | Create | Battering Ram |
| 25:55 | Create | Villager (Male) |
| 25:55 | Create | Villager (Male) |
| 25:55 | Create | Villager (Male) |
| 25:56 | Create | Villager (Male) |
| 25:56 | Create | Villager (Male) |
| 25:56 | Create | Villager (Male) |
| 26:01 | Build | House |
Build order — LH44JAX
First 150 of 516 actions detected
| 0:03 | Research | Loom |
| 0:04 | Create | Villager (Male) |
| 0:04 | Create | Villager (Male) |
| 0:04 | Create | Villager (Male) |
| 0:04 | Create | Villager (Male) |
| 0:06 | Build | House |
| 0:09 | Build | House |
| 0:11 | Build | House |
| 1:51 | Create | Villager (Male) |
| 1:51 | Create | Villager (Male) |
| 2:21 | Create | Villager (Male) |
| 2:21 | Create | Villager (Male) |
| 3:06 | Create | Villager (Male) |
| 3:07 | Create | Villager (Male) |
| 3:07 | Create | Villager (Male) |
| 3:45 | Create | Villager (Male) |
| 3:46 | Create | Villager (Male) |
| 4:14 | Create | Villager (Male) |
| 4:29 | Build | Mill |
| 4:48 | Create | Villager (Male) |
| 5:01 | Build | Palisade Wall |
| 5:19 | Build | Palisade Wall |
| 5:31 | Build | Palisade Wall |
| 5:38 | Create | Villager (Male) |
| 5:38 | Create | Villager (Male) |
| 5:39 | Create | Villager (Male) |
| 5:39 | Create | Villager (Male) |
| 6:38 | Create | Villager (Male) |
| 6:58 | Create | Villager (Male) |
| 6:58 | Create | Villager (Male) |
| 7:14 | Build | Palisade Wall |
| 7:32 | Build | Palisade Wall |
| 7:42 | Create | Villager (Male) |
| 7:43 | Create | Villager (Male) |
| 7:49 | Build | House |
| 7:57 | Build | House |
| 8:14 | Build | Palisade Wall |
| 8:59 | Create | Villager (Male) |
| 8:59 | Create | Villager (Male) |
| 9:00 | Create | Villager (Male) |
| 9:05 | Create | Villager (Male) |
| 9:34 | Build | Mining Camp |
| 10:20 | Build | Palisade Wall |
| 11:01 | Build | Palisade Wall |
| 11:21 | Build | Palisade Gate |
| 11:32 | Build | Lumber Camp |
| 11:37 | Research | Feudal Age |
| 12:44 | Build | Palisade Wall |
| 13:23 | Build | Palisade Wall |
| 13:40 | Build | Palisade Wall |
| 13:47 | Age | Feudal Age |
| 13:51 | Create | Villager (Male) |
| 13:52 | Create | Villager (Male) |
| 14:30 | Build | Farm |
| 14:43 | Build | Market |
| 14:56 | Create | Villager (Male) |
| 15:35 | Build | Farm |
| 15:37 | Create | Villager (Male) |
| 15:48 | Build | Blacksmith |
| 16:06 | Build | Farm |
| 16:09 | Create | Villager (Male) |
| 16:15 | Research | Town Watch |
| 16:18 | Build | House |
| 16:52 | Research | Castle Age |
| 18:04 | Build | Palisade Wall |
| 18:21 | Build | Farm |
| 18:27 | Build | Farm |
| 18:28 | Build | Farm |
| 18:29 | Build | Farm |
| 18:31 | Build | Farm |
| 18:52 | Build | Mining Camp |
| 19:32 | Age | Castle Age |
| 19:38 | Create | Villager (Male) |
| 19:47 | Build | Town Center |
| 20:12 | Build | Barracks |
| 20:30 | Create | Villager (Male) |
| 20:31 | Create | Villager (Male) |
| 20:32 | Create | Villager (Male) |
| 20:54 | Create | Villager (Male) |
| 20:55 | Create | Villager (Male) |
| 21:00 | Create | Villager (Male) |
| 21:00 | Create | Villager (Male) |
| 21:04 | Build | Farm |
| 21:04 | Create | Villager (Male) |
| 21:05 | Create | Villager (Male) |
| 21:05 | Create | Villager (Male) |
| 21:05 | Create | Villager (Male) |
| 21:06 | Create | Villager (Male) |
| 21:06 | Create | Villager (Male) |
| 21:06 | Create | Villager (Male) |
| 21:13 | Research | Double-Bit Axe |
| 21:25 | Build | Farm |
| 21:26 | Create | Villager (Male) |
| 21:26 | Create | Villager (Male) |
| 21:31 | Build | Farm |
| 21:32 | Create | Villager (Male) |
| 21:33 | Create | Villager (Male) |
| 21:33 | Create | Villager (Male) |
| 21:33 | Create | Villager (Male) |
| 21:44 | Research | Horse Collar |
| 21:55 | Build | Farm |
| 22:16 | Build | Farm |
| 22:25 | Build | Farm |
| 22:25 | Create | Villager (Male) |
| 22:26 | Create | Villager (Male) |
| 22:39 | Build | House |
| 22:40 | Build | House |
| 22:41 | Build | House |
| 22:44 | Build | House |
| 22:48 | Build | Farm |
| 23:09 | Research | Heavy Plow |
| 23:13 | Research | Town Patrol |
| 23:18 | Build | Farm |
| 23:19 | Create | Villager (Male) |
| 23:19 | Create | Villager (Male) |
| 23:37 | Create | Villager (Male) |
| 23:40 | Create | Villager (Male) |
| 23:49 | Create | Villager (Male) |
| 23:50 | Create | Villager (Male) |
| 23:53 | Build | Farm |
| 24:19 | Build | Stable |
| 24:31 | Build | Farm |
| 24:32 | Create | Villager (Male) |
| 24:32 | Create | Villager (Male) |
| 24:37 | Research | Wheelbarrow |
| 24:41 | Build | Farm |
| 24:49 | Build | Farm |
| 25:00 | Build | Castle |
| 25:06 | Build | Farm |
| 25:17 | Build | House |
| 25:19 | Build | House |
| 25:27 | Build | Farm |
| 25:28 | Create | Villager (Male) |
| 25:29 | Create | Villager (Male) |
| 25:31 | Build | Farm |
| 25:44 | Build | Farm |
| 25:53 | Build | Farm |
| 25:59 | Research | Husbandry |
| 26:00 | Research | Bloodlines |
| 26:01 | Create | Knight |
| 26:01 | Create | Knight |
| 26:02 | Create | Knight |
| 26:14 | Build | Palisade Gate |
| 26:21 | Build | Farm |
| 26:26 | Build | Farm |
| 26:52 | Build | House |
| 26:56 | Build | House |
| 26:58 | Build | House |
| 27:03 | Create | Knight |
| 27:03 | Create | Knight |
Build order — 白内障看不清,充能步枪滋眼睛
First 150 of 272 actions detected
| 0:06 | Create | Villager (Male) |
| 0:06 | Create | Villager (Male) |
| 0:07 | Create | Villager (Male) |
| 0:07 | Create | Villager (Male) |
| 0:07 | Create | Villager (Male) |
| 0:34 | Build | House |
| 0:37 | Build | House |
| 1:37 | Build | House |
| 1:40 | Build | House |
| 1:46 | Create | Villager (Male) |
| 1:46 | Create | Villager (Male) |
| 2:22 | Create | Villager (Male) |
| 2:22 | Create | Villager (Male) |
| 3:11 | Create | Villager (Male) |
| 3:12 | Create | Villager (Male) |
| 3:57 | Create | Villager (Male) |
| 3:57 | Create | Villager (Male) |
| 4:13 | Create | Villager (Male) |
| 4:14 | Create | Villager (Male) |
| 4:45 | Create | Villager (Male) |
| 4:45 | Create | Villager (Male) |
| 5:05 | Create | Villager (Male) |
| 5:06 | Create | Villager (Male) |
| 5:19 | Create | Villager (Male) |
| 5:19 | Create | Villager (Male) |
| 6:06 | Create | Villager (Male) |
| 6:06 | Create | Villager (Male) |
| 6:06 | Create | Villager (Male) |
| 6:17 | Build | Mill |
| 7:22 | Create | Villager (Male) |
| 7:22 | Create | Villager (Male) |
| 7:22 | Create | Villager (Male) |
| 7:22 | Create | Villager (Male) |
| 7:30 | Build | Mill |
| 7:44 | Create | Villager (Male) |
| 7:44 | Create | Villager (Male) |
| 7:44 | Create | Villager (Male) |
| 8:53 | Create | Villager (Male) |
| 9:59 | Create | Villager (Male) |
| 10:06 | Research | Feudal Age |
| 10:15 | Build | House |
| 10:16 | Build | House |
| 10:18 | Build | House |
| 10:46 | Build | Lumber Camp |
| 10:53 | Create | Villager (Male) |
| 10:54 | Create | Villager (Male) |
| 10:54 | Create | Villager (Male) |
| 12:32 | Build | Mining Camp |
| 12:34 | Age | Feudal Age |
| 12:43 | Create | Villager (Male) |
| 12:48 | Create | Villager (Male) |
| 13:43 | Research | Double-Bit Axe |
| 14:06 | Create | Villager (Male) |
| 14:35 | Build | Lumber Camp |
| 14:57 | Research | Castle Age |
| 15:02 | Build | Farm |
| 15:07 | Build | Farm |
| 15:12 | Build | Farm |
| 15:17 | Build | Farm |
| 15:23 | Build | Farm |
| 15:28 | Build | Farm |
| 15:43 | Build | Farm |
| 16:46 | Create | Villager (Male) |
| 16:46 | Create | Villager (Male) |
| 16:47 | Create | Villager (Male) |
| 16:47 | Create | Villager (Male) |
| 17:44 | Age | Castle Age |
| 17:45 | Build | House |
| 17:46 | Build | House |
| 17:49 | Build | House |
| 17:51 | Build | House |
| 17:52 | Build | House |
| 18:05 | Build | Town Center |
| 18:08 | Build | Town Center |
| 18:14 | Create | Villager (Male) |
| 18:15 | Create | Villager (Male) |
| 18:15 | Create | Villager (Male) |
| 18:20 | Research | Horse Collar |
| 18:28 | Research | Bow Saw |
| 18:39 | Build | Farm |
| 18:39 | Build | Farm |
| 18:40 | Build | Farm |
| 18:40 | Build | Farm |
| 18:41 | Build | Farm |
| 19:14 | Create | Villager (Male) |
| 19:14 | Create | Villager (Male) |
| 19:14 | Create | Villager (Male) |
| 19:14 | Create | Villager (Male) |
| 19:30 | Create | Villager (Male) |
| 19:30 | Create | Villager (Male) |
| 19:42 | Build | Farm |
| 19:43 | Build | Farm |
| 19:45 | Build | Farm |
| 19:45 | Build | Farm |
| 19:46 | Build | Farm |
| 19:46 | Build | Farm |
| 19:46 | Build | Farm |
| 19:46 | Build | Farm |
| 19:47 | Build | Farm |
| 19:47 | Build | Farm |
| 20:01 | Create | Villager (Male) ×2 |
| 20:01 | Create | Villager (Male) ×2 |
| 20:02 | Create | Villager (Male) |
| 20:02 | Create | Villager (Male) |
| 20:15 | Create | Villager (Male) |
| 20:23 | Build | Farm |
| 20:24 | Build | Farm |
| 20:24 | Build | Farm |
| 20:24 | Build | Farm |
| 20:24 | Build | Farm |
| 20:29 | Create | Villager (Male) |
| 20:29 | Create | Villager (Male) |
| 20:31 | Create | Villager (Male) |
| 20:31 | Create | Villager (Male) |
| 20:44 | Build | House |
| 20:46 | Build | House |
| 20:50 | Create | Villager (Male) ×2 |
| 21:02 | Create | Villager (Male) |
| 21:03 | Create | Villager (Male) |
| 21:04 | Create | Villager (Male) |
| 21:04 | Create | Villager (Male) |
| 21:15 | Create | Villager (Male) |
| 21:15 | Create | Villager (Male) |
| 21:26 | Build | Farm |
| 21:26 | Build | Farm |
| 21:27 | Build | Farm |
| 21:27 | Build | Farm |
| 21:31 | Create | Villager (Male) ×2 |
| 21:31 | Create | Villager (Male) ×2 |
| 21:33 | Create | Villager (Male) |
| 21:33 | Create | Villager (Male) |
| 21:43 | Create | Villager (Male) |
| 21:43 | Create | Villager (Male) |
| 21:58 | Build | House |
| 22:03 | Build | House |
| 22:09 | Create | Villager (Male) ×4 |
| 22:18 | Build | Farm |
| 22:18 | Build | Farm |
| 22:18 | Build | Farm |
| 22:19 | Build | Farm |
| 22:19 | Build | Farm |
| 22:19 | Build | Farm |
| 22:19 | Build | Farm |
| 22:20 | Build | Farm |
| 22:20 | Build | Farm |
| 22:20 | Build | Farm |
| 22:20 | Build | Farm |
| 22:21 | Build | Farm |
| 22:24 | Create | Villager (Male) ×2 |
| 22:25 | Create | Villager (Male) ×2 |
Match timeline
| 5:01 | LH44JAX · wall_segment Palisade Wall x13 |
| 5:19 | LH44JAX · wall_segment Palisade Wall x17 |
| 5:31 | LH44JAX · wall_segment Palisade Wall x17 |
| 7:14 | LH44JAX · wall_segment Palisade Wall x3 |
| 7:30 | Odysseus · first_building Barracks |
| 7:32 | LH44JAX · wall_segment Palisade Wall x3 |
| 8:14 | LH44JAX · wall_segment Palisade Wall x18 |
| 9:32 | Sieh · first_building Barracks |
| 10:18 | Sieh · age_up feudal |
| 10:20 | LH44JAX · wall_segment Palisade Wall x24 |
| 11:01 | LH44JAX · wall_segment Palisade Wall x11 |
| 11:14 | Sieh · first_building Stable |
| 12:00 | Eye of Horus · first_building Barracks |
| 12:08 | 鲨鱼辣椒 · age_up feudal |
| 12:34 | 白内障看不清,充能步枪滋眼睛 · age_up feudal |
| 12:44 | LH44JAX · wall_segment Palisade Wall x40 |
| 12:48 | Eye of Horus · wall_segment Palisade Wall x3 |
| 12:51 | meng2043131 · age_up feudal |
| 13:00 | Eye of Horus · age_up feudal |
| 13:23 | LH44JAX · wall_segment Palisade Wall x3 |
| 13:40 | LH44JAX · wall_segment Palisade Wall x1 |
| 13:47 | LH44JAX · age_up feudal |
| 14:05 | Eye of Horus · wall_segment Palisade Wall x3 |
| 14:39 | 鲨鱼辣椒 · first_building Barracks |
| 14:54 | Eye of Horus · wall_segment Palisade Wall x4 |
| 15:05 | 白桵 · age_up feudal |
| 15:17 | Eye of Horus · wall_segment Palisade Wall x9 |
| 15:34 | Eye of Horus · wall_segment Palisade Wall x1 |
| 15:57 | 鲨鱼辣椒 · first_building Stable |
| 17:14 | Eye of Horus · wall_segment Palisade Wall x12 |
| 17:20 | Eye of Horus · age_up castle |
| 17:44 | 白内障看不清,充能步枪滋眼睛 · age_up castle |
| 17:52 | Eye of Horus · wall_segment Palisade Wall x6 |
| 18:04 | LH44JAX · wall_segment Palisade Wall x1 |
| 18:05 | Odysseus · age_up feudal |
| 18:16 | Odysseus · first_building Stable |
| 18:52 | 白桵 · age_up castle |
| 19:32 | LH44JAX · age_up castle |
| 19:33 | 白桵 · first_building Barracks |
| 20:11 | Eye of Horus · wall_segment Palisade Wall x1 |
| 20:12 | LH44JAX · first_building Barracks |
| 20:15 | Sieh · first_building Archery Range |
| 20:55 | Eye of Horus · wall_segment Palisade Wall x1 |
| 21:35 | Sieh · age_up castle |
| 21:45 | meng2043131 · age_up castle |
| 21:46 | 鲨鱼辣椒 · first_building Siege Workshop |
| 22:09 | Odysseus · age_up castle |
| 22:23 | 鲨鱼辣椒 · age_up castle |
| 23:42 | 白桵 · first_building Siege Workshop |
| 24:19 | LH44JAX · first_building Stable |
| 24:39 | Eye of Horus · first_building Stable |
| 24:50 | Eye of Horus · first_building Monastery |
| 25:00 | LH44JAX · first_building Castle |
| 26:51 | 白内障看不清,充能步枪滋眼睛 · first_building Siege Workshop |
| 27:06 | meng2043131 · first_building Siege Workshop |
| 28:24 | 白内障看不清,充能步枪滋眼睛 · age_up imperial |
| 28:53 | 白内障看不清,充能步枪滋眼睛 · first_building Castle |
| 29:26 | meng2043131 · tribute_sent a jugador 1 |
| 29:26 | meng2043131 · tribute_sent a jugador 3 |
| 29:26 | meng2043131 · tribute_sent a jugador 4 |
| 29:26 | meng2043131 · tribute_sent a jugador 5 |
| 29:26 | meng2043131 · tribute_sent a jugador 6 |
| 29:26 | meng2043131 · tribute_sent a jugador 7 |
| 29:26 | meng2043131 · tribute_sent a jugador 8 |
| 29:28 | 白内障看不清,充能步枪滋眼睛 · tribute_sent a jugador 1 |
| 29:28 | 白内障看不清,充能步枪滋眼睛 · tribute_sent a jugador 2 |
| 29:28 | 白内障看不清,充能步枪滋眼睛 · tribute_sent a jugador 3 |
| 29:28 | 白内障看不清,充能步枪滋眼睛 · tribute_sent a jugador 4 |
| 29:28 | 白内障看不清,充能步枪滋眼睛 · tribute_sent a jugador 5 |
| 29:28 | 白内障看不清,充能步枪滋眼睛 · tribute_sent a jugador 6 |
| 29:28 | 白内障看不清,充能步枪滋眼睛 · tribute_sent a jugador 7 |
| 30:13 | meng2043131 · first_building Barracks |
| 30:31 | Sieh · first_building Castle |
| 30:34 | Sieh · wall_segment Palisade Wall x1 |
| 30:37 | Sieh · wall_segment Palisade Wall x1 |
| 30:39 | Sieh · wall_segment Palisade Wall x1 |
| 30:40 | Sieh · wall_segment Palisade Wall x1 |
| 31:23 | 白内障看不清,充能步枪滋眼睛 · first_building Barracks |
| 32:13 | meng2043131 · age_up imperial |
| 34:06 | meng2043131 · first_building Castle |
| 34:39 | Eye of Horus · first_market_sell 100 wood |
| 35:42 | Eye of Horus · first_building Castle |
| 36:09 | Odysseus · first_building Siege Workshop |
| 36:48 | 白桵 · first_building Castle |
| 37:06 | 鲨鱼辣椒 · tribute_sent a jugador 1 |
| 37:06 | 鲨鱼辣椒 · tribute_sent a jugador 2 |
| 37:06 | 鲨鱼辣椒 · tribute_sent a jugador 3 |
| 37:06 | 鲨鱼辣椒 · tribute_sent a jugador 4 |
| 37:06 | 鲨鱼辣椒 · tribute_sent a jugador 5 |
| 37:06 | 鲨鱼辣椒 · tribute_sent a jugador 7 |
| 37:06 | 鲨鱼辣椒 · tribute_sent a jugador 8 |
| 37:16 | 鲨鱼辣椒 · first_building Monastery |
| 37:51 | Odysseus · first_building Castle |
| 37:52 | Eye of Horus · age_up imperial |
| 37:56 | 白内障看不清,充能步枪滋眼睛 · tribute_sent a jugador 1 |
| 37:56 | 白内障看不清,充能步枪滋眼睛 · tribute_sent a jugador 2 |
| 37:56 | 白内障看不清,充能步枪滋眼睛 · tribute_sent a jugador 3 |
| 37:56 | 白内障看不清,充能步枪滋眼睛 · tribute_sent a jugador 4 |
| 37:56 | 白内障看不清,充能步枪滋眼睛 · tribute_sent a jugador 5 |
| 37:56 | 白内障看不清,充能步枪滋眼睛 · tribute_sent a jugador 6 |
| 37:56 | 白内障看不清,充能步枪滋眼睛 · tribute_sent a jugador 7 |
| 38:30 | meng2043131 · first_building Monastery |
| 38:37 | meng2043131 · tribute_sent a jugador 1 |
| 38:37 | meng2043131 · tribute_sent a jugador 3 |
| 38:37 | meng2043131 · tribute_sent a jugador 4 |
| 38:37 | meng2043131 · tribute_sent a jugador 5 |
| 38:37 | meng2043131 · tribute_sent a jugador 6 |
| 38:37 | meng2043131 · tribute_sent a jugador 7 |
| 38:37 | meng2043131 · tribute_sent a jugador 8 |
| 38:56 | 鲨鱼辣椒 · first_building Castle |
| 39:31 | Eye of Horus · tribute_sent a jugador 2 |
| 39:31 | Eye of Horus · tribute_sent a jugador 3 |
| 39:31 | Eye of Horus · tribute_sent a jugador 4 |
| 39:31 | Eye of Horus · tribute_sent a jugador 5 |
| 39:31 | Eye of Horus · tribute_sent a jugador 6 |
| 39:31 | Eye of Horus · tribute_sent a jugador 7 |
| 39:31 | Eye of Horus · tribute_sent a jugador 8 |
| 39:49 | Sieh · first_building Monastery |
| 40:25 | meng2043131 · first_building Stable |
| 40:40 | Odysseus · age_up imperial |
| 42:45 | 鲨鱼辣椒 · age_up imperial |
| 43:40 | Eye of Horus · first_building Archery Range |
| 44:41 | Sieh · first_building Siege Workshop |
| 45:12 | 白内障看不清,充能步枪滋眼睛 · tribute_sent a jugador 1 |
| 45:12 | 白内障看不清,充能步枪滋眼睛 · tribute_sent a jugador 2 |
| 45:12 | 白内障看不清,充能步枪滋眼睛 · tribute_sent a jugador 3 |
| 45:12 | 白内障看不清,充能步枪滋眼睛 · tribute_sent a jugador 4 |
| 45:12 | 白内障看不清,充能步枪滋眼睛 · tribute_sent a jugador 5 |
| 45:12 | 白内障看不清,充能步枪滋眼睛 · tribute_sent a jugador 6 |
| 45:12 | 白内障看不清,充能步枪滋眼睛 · tribute_sent a jugador 7 |
| 46:40 | LH44JAX · age_up imperial |
| 47:36 | LH44JAX · first_market_buy 100 food |
| 47:42 | Sieh · age_up imperial |
| 49:23 | Eye of Horus · first_building Siege Workshop |
| 49:23 | LH44JAX · first_building Siege Workshop |
| 50:10 | meng2043131 · tribute_sent a jugador 1 |
| 50:10 | meng2043131 · tribute_sent a jugador 3 |
| 50:10 | meng2043131 · tribute_sent a jugador 4 |
| 50:10 | meng2043131 · tribute_sent a jugador 5 |
| 50:10 | meng2043131 · tribute_sent a jugador 6 |
| 50:10 | meng2043131 · tribute_sent a jugador 7 |
| 50:10 | meng2043131 · tribute_sent a jugador 8 |
| 52:39 | Odysseus · first_market_sell 500 stone |
| 53:48 | 白内障看不清,充能步枪滋眼睛 · wall_segment Stone Wall x29 |
| 53:56 | Sieh · first_market_sell 500 food |
| 55:12 | Odysseus · tribute_sent a jugador 1 |
| 55:12 | Odysseus · tribute_sent a jugador 2 |
| 55:12 | Odysseus · tribute_sent a jugador 4 |
| 55:12 | Odysseus · tribute_sent a jugador 5 |
| 55:12 | Odysseus · tribute_sent a jugador 6 |
| 55:12 | Odysseus · tribute_sent a jugador 7 |
| 55:12 | Odysseus · tribute_sent a jugador 8 |
| 58:15 | 鲨鱼辣椒 · resign |
[ AI ANALYSIS · 1 CREDIT ]
What really happened in this match?
Wolo.gg analyzes every decision: build order, eco, micro, common mistakes by bracket. Personalized analysis on WhatsApp or Discord in 30 seconds.
Civ guide
Mongols
Perfil
Sieh